 Dungeon Crawl Stone Soup version 0.28.0 (webtiles) character file.

Game seed: 15388276571383533261

14796 ragingrage the Severer (level 11, 0/97 HPs)
             Began as a Minotaur Berserker on Feb 5, 2022.
             Was a High Priest of Trog.
             Slain by a seven-headed hydra (7 damage)
             ... on level 13 of the Dungeon.
             The game lasted 00:09:18 (13522 turns).

ragingrage the Severer (Minotaur Berserker)        Turns: 13522, Time: 00:09:19

Health: 0/97       AC: 13    Str: 25    XL:     11   Next: 93%
Magic:  10/10      EV: 10    Int:  7    God:    Trog [*****.]
Gold:   292        SH:  5    Dex: 17    Spells: 10/10 levels left

rFire   . . .      SeeInvis .   L - +0 hand axe (flame)
rCold   . . .      Faith    .   (no shield)
rNeg    . . .      Spirit   .   D - +1 chain mail "Igynir" {rElec Dex+6}
rPois   .          Reflect  +   G - +0 hat {Int+3}
rElec   +          Harm     .   (no cloak)
rCorr   .          Rampage  .   m - +1 pair of gloves
Will    .....                   h - +0 pair of boots
Stlth   ..........              f - amulet of reflection
HPRegen 0.26/turn               (no ring)
MPRegen 0.12/turn               (no ring)

@: on berserk cooldown
A: horns 2, retaliatory headbutt
a: Renounce Religion, Berserk, Trog's Hand, Brothers in Arms


You were on level 13 of the Dungeon.
You worshipped Trog.
Trog was extremely pleased with you.
You visited 1 branch of the dungeon, and saw 13 of its levels.
You also visited: Sewer and Bailey.

You collected 617 gold pieces.
You spent 325 gold pieces at shops.

Inventory:

Hand Weapons
 a - a +0 battleaxe
 L - a +0 hand axe of flaming (weapon)
 M - a +0 war axe of electrocution
Missiles
 t - 26 poisoned darts (quivered)
Armour
 h - a +0 pair of boots (worn)
 m - a +1 pair of gloves (worn)
 D - the +1 chain mail "Igynir" (worn) {rElec Dex+6}
   (You found it on level 6 of the Dungeon)

   Dex:       It affects your dexterity (+6).
   rElec:     It insulates you from electricity.
 G - a +0 hat of intelligence (worn)
Jewellery
 f - an amulet of reflection (around neck)
 o - an amulet of guardian spirit
Wands
 c - a wand of flame (53)
 y - a wand of charming (8)
 C - a wand of iceblast (12)
 H - a wand of polymorph (12)
 K - a wand of paralysis (3)
Scrolls
 e - 6 scrolls of teleportation
 g - 4 scrolls of fear
 k - 4 scrolls of immolation
 l - 3 scrolls of fog
 n - a scroll of holy word {unknown}
 r - 8 scrolls of identify
 s - 2 scrolls of blinking
 v - a scroll of enchant armour {unknown}
 x - a scroll of vulnerability {unknown}
 I - a scroll of magic mapping
 J - 2 scrolls of enchant weapon {unknown}
Potions
 i - 2 potions of lignification
 j - 2 potions of heal wounds
 p - a potion of invisibility {unknown}
 q - a potion of resistance {unknown}
 u - 3 potions of attraction
 w - a potion of haste {unknown}
 z - 4 potions of mutation
 A - 5 potions of curing
 B - 3 potions of might
 E - 2 potions of flight
 F - 3 potions of brilliance {unknown}


   Skills:
 + Level 9.6 Fighting
 - Level 20.0 Axes
 + Level 2.4 Throwing
 + Level 4.1 Armour
 + Level 3.7 Dodging
 + Level 2.2 Evocations


You had 10 spell levels left.
You didn't know any spells.
Your spell library was empty.

Dungeon Overview and Level Annotations

Branches:
Dungeon (13/15)            Temple (0/1) D:5            Lair (0/6) D:10
    Orc (0/2) D:12          Sewer (visited)          Bailey (visited)
 Vaults: D:13-14

Altars:
Yredelemnul

Shops:
D:7 ?   D:11 [

Annotations:
D:6 1 runed translucent door, mrw3rdna's ghost, novice OgFE


Innate Abilities, Weirdness & Mutations

You have a pair of horns on your head.
You reflexively headbutt those who attack you in melee.


Message History

The nine-headed hydra closely misses you.
The nine-headed hydra bites you.
The nine-headed hydra bites you but does no damage. x2
You hack one of the nine-headed hydra's heads off!
The flame cauterises the wound!
You hit the eight-headed hydra. You burn the eight-headed hydra.
The eight-headed hydra is heavily wounded.
You feel yourself speed up.
The eight-headed hydra bites you but does no damage.
The eight-headed hydra closely misses you.
The eight-headed hydra bites you but does no damage. x4
You block the eight-headed hydra's attack.
The eight-headed hydra closely misses you.
You barely miss the eight-headed hydra.
The eight-headed hydra is heavily wounded.
You hit the eight-headed hydra but do no damage.
You headbutt the eight-headed hydra!
The eight-headed hydra is severely wounded.
The eight-headed hydra bites you but does no damage.
The eight-headed hydra bites you!
The eight-headed hydra bites you but does no damage.
The eight-headed hydra bites you.
* * * LOW HITPOINT WARNING * * *
The eight-headed hydra bites you.
* * * LOW HITPOINT WARNING * * *
The eight-headed hydra bites you.
* * * LOW HITPOINT WARNING * * *
The eight-headed hydra bites you!
* * * LOW HITPOINT WARNING * * *
The eight-headed hydra bites you!
* * * LOW HITPOINT WARNING * * *
You lop one of the eight-headed hydra's heads off!
The flame cauterises the wound!
You slash the seven-headed hydra! You burn the seven-headed hydra.
You headbutt the seven-headed hydra.
The seven-headed hydra is almost dead.
You block the seven-headed hydra's attack.
The seven-headed hydra bites you but does no damage.
You block the seven-headed hydra's attack.
The seven-headed hydra bites you!
You die...

#.. .. ..# ..## #
#... #.###..#
#.(....# #. ###D#
#. ##.@.# #.#
##..#####.
#.#####..........
#....##...#####..
# #........## #
#....##### #
#....# # #....#
#######....#


You could see a seven-headed hydra.

Vanquished Creatures
  Gastronok (D:8)
  Erolcha (D:10)
  A boulder beetle (D:12)
  A centaur warrior (D:12)
  3 two-headed ogres
  A cyclops (D:11)
  An unseen horror (D:11)
  2 trolls
  5 slime creatures (D:12)
  3 wraiths
  A vampire (D:13)
  10 yaks
  6 wyverns
  A steam dragon (D:7)
  3 vampire mosquitoes (D:12)
  Grum (D:8)
  A two-headed ogre zombie (D:12)
  Edmund (D:5)
  6 water moccasins
  2 acid dragons
  An orc warrior (D:9)
  2 ice beasts
  3 sky beasts (D:6)
  2 necrophages
  2 wolves (D:8)
  4 centaurs
  5 phantoms
  A kobold brigand (D:8)
  2 bullfrogs
  A scorpion (D:6)
  A troll zombie (D:12)
  A water moccasin zombie (D:5)
  4 killer bees (D:8)
  12 wights
  3 hounds
  3 jellies
  3 orc priests
  4 iguanas
  Jessica (D:2)
  2 centaur skeletons
  7 orc wizards
  Terence (D:2)
  6 ogre zombies (D:12)
  2 hound zombies (D:5)
  18 adders
  A howler monkey skeleton (D:7)
  An ufetubus (D:4)
  5 worms
  2 dart slugs
  26 orcs
  13 ball pythons
  7 endoplasms
  4 giant cockroaches
  7 goblins
  10 hobgoblins
  7 jackals
  5 quokkas
  10 bats
  12 frilled lizards
  2 goblin skeletons (D:12)
  3 goblin zombies (D:12)
  A hobgoblin skeleton (D:12)
  4 hobgoblin zombies (D:12)
  16 kobolds
  3 orc skeletons (D:12)
  12 orc zombies (D:12)
  2 rats (D:2)
295 creatures vanquished.

Vanquished Creatures (others)
  2 fungi (D:10)
  5 plants
7 creatures vanquished.

Grand Total: 302 creatures vanquished

Notes
Turn   | Place    | Note
-------+----------+-------------------------------------------
     0 | D:1      | ragingrage the Minotaur Berserker began the quest for the
                  | Orb.
     0 | D:1      | Reached XP level 1. HP: 19/19 MP: 0/0
   217 | D:1      | Reached skill level 4 in Axes
   429 | D:1      | Reached XP level 2. HP: 21/27 MP: 1/1
   568 | D:1      | Found a faded altar of an unknown god.
  1120 | D:2      | Reached XP level 3. HP: 33/33 MP: 2/2
  1135 | D:2      | Noticed Jessica
  1140 | D:2      | Killed Jessica
  1141 | D:2      | Reached skill level 5 in Axes
  1427 | D:2      | Reached ** piety under Trog
  1515 | D:2      | Reached XP level 4. HP: 23/41 MP: 3/3
  2120 | D:3      | Reached skill level 6 in Axes
  2151 | D:3      | Reached skill level 5 in Fighting
  2151 | D:3      | Reached XP level 5. HP: 15/48 MP: 4/4
  3379 | D:2      | Noticed Terence
  3388 | D:2      | Killed Terence
  3751 | D:4      | Reached skill level 7 in Axes
  3751 | D:4      | Reached XP level 6. HP: 40/56 MP: 5/5
  4037 | D:4      | Found a glowing drain.
  4090 | Sewer    | Entered a sewer
  4132 | Sewer    | Reached *** piety under Trog
  4895 | D:4      | Reached skill level 8 in Axes
  5125 | D:4      | Reached XP level 7. HP: 50/63 MP: 6/6
  5374 | D:5      | Entered Level 5 of the Dungeon
  5419 | D:5      | Found a basalt altar of Yredelemnul.
  5457 | D:5      | Reached skill level 9 in Axes
  5638 | D:5      | Noticed Edmund
  5640 | D:5      | Found a staircase to the Ecumenical Temple.
  5649 | D:5      | Killed Edmund
  5965 | D:5      | Reached XP level 8. HP: 69/73 MP: 7/7
  6144 | D:6      | Reached skill level 10 in Axes
  6470 | D:6      | Found a runed translucent door.
  6470 | D:6      | Noticed mrw3rdna's ghost (novice OgFE)
  6556 | D:6      | Reached skill level 11 in Axes
  7194 | D:6      | Identified the +1 chain mail "Igynir" {rElec Dex+6}
  7450 | D:7      | Reached skill level 12 in Axes
  7450 | D:7      | Reached XP level 9. HP: 82/82 MP: 8/8
  7671 | D:7      | Reached skill level 13 in Axes
  7931 | D:7      | Found Operch's Magic Scroll Boutique.
  7941 | D:7      | Bought a scroll of teleportation for 30 gold pieces
  7941 | D:7      | Bought a scroll of fear for 35 gold pieces
  7941 | D:7      | Bought a scroll of fog for 20 gold pieces
  8065 | D:8      | Noticed Gastronok
  8074 | D:8      | Killed Gastronok
  8075 | D:8      | Reached skill level 15 in Axes
  8199 | D:8      | Reached XP level 10. HP: 91/91 MP: 9/9
  8250 | D:8      | Found a flagged portal.
  8267 | Bailey   | Entered a bailey
  8292 | Bailey   | Reached **** piety under Trog
  8467 | Bailey   | Noticed an orc knight
  8844 | D:8      | Reached skill level 16 in Axes
  8848 | D:8      | Noticed Grum
  8856 | D:8      | Killed Grum
 10107 | D:10     | Entered Level 10 of the Dungeon
 10160 | D:10     | Reached skill level 17 in Axes
 10170 | D:10     | Found a staircase to the Lair.
 10174 | D:10     | Reached skill level 18 in Axes
 10176 | D:10     | HP: 4/91 [wyvern (14)]
 10470 | D:10     | Noticed Erolcha
 10476 | D:10     | Killed Erolcha
 10477 | D:10     | Reached XP level 11. HP: 97/97 MP: 10/10
 11020 | D:10     | Noticed a two-headed ogre
 11027 | D:10     | Killed a two-headed ogre
 11152 | D:11     | Reached skill level 19 in Axes
 11394 | D:11     | Found Umenleaz's Antique Armour Emporium.
 11402 | D:11     | Bought a pair of glowing gloves for 240 gold pieces
 11480 | D:11     | Noticed a two-headed ogre
 11487 | D:11     | Killed a two-headed ogre
 11633 | D:11     | Noticed a two-headed ogre
 11638 | D:11     | Killed a two-headed ogre
 12070 | D:12     | Noticed a boulder beetle
 12082 | D:12     | Killed a boulder beetle
 12083 | D:12     | Reached skill level 20 in Axes
 12317 | D:12     | Found a staircase to the Orcish Mines.
 12319 | D:12     | Reached ***** piety under Trog
 12319 | D:12     | Noticed a centaur warrior
 12338 | D:12     | Reached skill level 1 in Throwing
 12346 | D:12     | Killed a centaur warrior
 12347 | D:12     | Reached skill level 1 in Evocations
 13514 | D:13     | Noticed an eight-headed hydra
 13522 | D:13     | Slain by a seven-headed hydra

Illustrated notes

Levels and vault maps discovered:
D:1:      eino_arrival_water_cross, layout_loops_ring, basic_ecumenical_altar,
          st_stairs_13, serial_park_tiny_pond
D:2:      cheibrodos_old_hovel, layout_basic, minmay_increasing_density,
          uniq_terence, uniq_jessica
D:3:      layout_loops_ring, grunt_ministairs_2
D:4:      layout_loops_ring, cheibrodos_sewer_entry_bend
D:5:      layout_gridville, lemuel_zombie_altar_yredelemnul,
          minmay_temple_entry_drinking_statues, uniq_edmund
D:6:      layout_gridville, gammafunk_ghost_grave, nicolae_figureground_sparkle
D:7:      layout_gridville, serial_shops, shop
D:8:      layout_cave_pools, enter_bailey_2, kennysheep_nondescript,
          chequers_garden, uniq_gastronok, uniq_grum
D:9:      layout_long_grid, hangedman_abyss_or_decor_passed,
          hangedman_decor_slide_cut
D:10:     layout_loops_ring, minmay_lair_entry_grove, serial_bayou_pond_e,
          uniq_erolcha
D:11:     layout_grid_maze, serial_shops, nicolae_shop_stone
D:12:     layout_cave_pools, zombieorc2_lemuel
D:13:     layout_rooms, nrook_campfire

Skill      XL: |  1  2  3  4  5  6  7  8  9 10 11 |
---------------+----------------------------------+-----
Axes           | 4 5 6 7 8 9 12 15 18 20 | 20.0
Fighting       | 4 5 6 7 8 9 |  9.6
Armour         | 4 |  4.1
Throwing       | 2 |  2.4
Evocations     | 2 |  2.2
Dodging        | 3 |  3.7

Action                   |  1- 3 |  4- 6 |  7- 9 | 10-12 || total
-------------------------+-------+-------+-------+-------++-------
Melee: Hand axe          |    26 |   216 |    46 |     5 ||   293
       Dagger            |    37 |    20 |       |       ||    57
       Headbutt          |     6 |    25 |    30 |    59 ||   120
       Punch             |       |     1 |     1 |       ||     2
       War axe           |       |       |    73 |     2 ||    75
       Battleaxe         |       |       |    37 |   210 ||   247
       Spear             |       |       |       |    28 ||    28
Invok: Berserk           |     1 |     8 |     6 |    13 ||    28
  Use: Potion            |       |     1 |       |     2 ||     3
       Scroll            |       |       |     7 |     2 ||     9
Armor: Animal skin       |    11 |    20 |       |       ||    31
       Skin              |       |    19 |       |       ||    19
       Scale mail        |       |    50 |    31 |       ||    81
       Chain mail        |       |       |    23 |   110 ||   133
Dodge: Dodged            |    40 |   133 |    58 |    93 ||   324
Block: Other             |     9 |    54 |    26 |    56 ||   145
       Reflection        |       |       |       |     4 ||     4
